 Dungeon Crawl Stone Soup version 0.29.0-4-gdea44cf6ec (webtiles) character file.

Game seed: 3472709259880712081

4761 qw the Cleaver (level 10, -3/88 HPs)
             Began as a Minotaur Berserker on Sept 9, 2022.
             Was an Elder of Trog.
             Slain by a vampire
             ... wielding the +7 quarterstaff of Change {vorpal, rElec Str+4 Stlth+}
              (7 damage)
             ... on level 9 of the Dungeon.
             The game lasted 00:03:02 (9064 turns).

qw the Cleaver (Minotaur Berserker)                 Turns: 9064, Time: 00:03:03

Health: -3/88      AC: 16    Str: 31    XL:     10   Next: 23%
Magic:  17/17      EV: 21    Int:  8    God:    Trog [****..]
Gold:   342        SH:  0    Dex:  3    Spells: 9/9 levels left

rFire   . . .      SeeInvis .   o - +1 war axe (elec)
rCold   + . .      Faith    .   a - +0 kite shield
rNeg    . . .      Spirit   .   k - +4 plate armour
rPois   .          Reflect  .   (helmet restricted)
rElec   .          Harm     .   (no cloak)
rCorr   +          Rampage  .   (no gloves)
Will    .....                   (no boots)
Stlth   ..........              p - amulet of the acrobat
HPRegen 0.24/turn               b - ring of resist corrosion
MPRegen 0.15/turn               q - ring "Ugiwnok" {rC+ MP+9 Str+5 Dex-5}

@: confused, acrobatic
A: horns 2, retaliatory headbutt, hooves 1, clever 1, low MP 1
a: Renounce Religion, Berserk, Trog's Hand, Brothers in Arms


You were on level 9 of the Dungeon.
You worshipped Trog.
Trog was greatly pleased with you.
You visited 1 branch of the dungeon, and saw 9 of its levels.

You collected 472 gold pieces.
You spent 130 gold pieces at shops.


Innate Abilities, Weirdness & Mutations

You have a pair of horns on your head.
You reflexively headbutt those who attack you in melee.
You have large cloven feet.
Your mind is acute. (Int +4, Str/Dex -1)
Your magical capacity is low. (-10% MP)


   Skills:
 - Level 8.0 Fighting
 - Level 13.2 Axes
 - Level 1.8 Throwing
 - Level 6.3 Armour
 - Level 2.1 Dodging
 + Level 8.2 Shields


You had 9 spell levels left.
You didn't know any spells.
Your spell library was empty.

Inventory:

Hand Weapons
 n - a +0 hand axe of flaming
 o - a +1 war axe of electrocution (weapon)
Missiles
 g - 8 boomerangs (quivered)
Armour
 a - a +0 kite shield (worn)
 k - a +4 plate armour (worn)
Jewellery
 b - a ring of resist corrosion (left hand)
 p - an amulet of the acrobat (around neck)
 q - the ring "Ugiwnok" (right hand) {rC+ MP+9 Str+5 Dex-5}
   (You found it on level 4 of the Dungeon)

   [ring of magical power]

   Str:       It affects your strength (+5).
   Dex:       It affects your dexterity (-5).
   rC:        It protects you from cold.
   MP:        It affects your magic capacity (+9).
 s - a +6 ring of dexterity
 t - a ring of ice
Scrolls
 f - 2 scrolls of identify
 i - 2 scrolls of teleportation
Potions
 d - 2 potions of might
 e - 2 potions of heal wounds
 h - a potion of cancellation
 j - a potion of haste
 l - a potion of attraction {unknown}
 m - 4 potions of mutation
 r - a potion of magic {unknown}

Dungeon Overview and Level Annotations

Branches:
Dungeon (9/15)             Temple (0/1) D:7            Lair (0/5) D:9
    Orc: D:9-12

Altars:
Gozag
Hepliaklqana
Makhleb
Trog
The Shining One

Shops:
D:3 ?

Annotations:
D:5 1 runed translucent door, qw's ghost, novice DsCA
D:7 2 transporters


Message History

9055 ||| (to cure confusion)
The vampire draws life force from you.
The vampire is healed by the life force!
You closely miss the vampire. You kick the vampire.
The vampire is heavily damaged.
You block the vampire's attack.
The vampire bites you but does no damage.
You hit the vampire. You kick the vampire, but do no damage.
Your headbutt misses the vampire.
The vampire is severely damaged.
The vampire draws life force from you!
The vampire is healed by the life force!
You closely miss the vampire. Your kick misses the vampire.
The vampire is heavily damaged.
The vampire casts a spell at you.
You are confused.
You miss the vampire. You kick the vampire.
The vampire is severely damaged.
The vampire hits you with the +7 quarterstaff of Change {vorpal, rElec Str+4 Stlth+}!
The vampire bites you.
The vampire draws strength from your injuries!
You miss the vampire. Your kick misses the vampire.
The vampire is heavily damaged.
The vampire hits you with the +7 quarterstaff of Change {vorpal, rElec Str+4 Stlth+}.
The vampire bites you but does no damage.
You bump into the rock wall.
The vampire hits you with the +7 quarterstaff of Change {vorpal, rElec Str+4 Stlth+}!
The vampire bites you but does no damage.
You bump into the rock wall.
The vampire mumbles some strange words.
The vampire flickers and vanishes!
Deactivating autopickup; reactivate with Ctrl-A.
You're too confused to attack without stumbling around!
There is a strange disturbance nearby!
Something hits you! Something bites you.
Something draws strength from your injuries!
You're too confused to attack without stumbling around!
There is a strange disturbance nearby!
Something hits you! Something bites you!
You die...

#......... ... #.........
... #......... ..
#......... .. #.........
.### #.###......... ..#
#......#.#####
#{########...# ###
##@#.....<....## #.#
#########....#######...####
#.####.........#.##
##%[...#
##......#########.# #.###.#
...###### .# ##.###.# ##.#
.. #".##..# ..# #.####
#..##)## .### ....#
##.....# . ###.# #...####


There were no monsters in sight!

Vanquished Creatures
  An elephant (D:9)
  Psyche (D:8)
  A komodo dragon (D:9)
  2 trolls (D:9)
  A hornet (D:8)
  2 basilisks (D:9)
  A wyvern (D:9)
  Menkaure (D:4)
  A steam dragon (D:7)
  Edmund (D:4)
  5 water moccasins
  An orc warrior (D:9)
  A black bear (D:4)
  3 ogres
  An ice beast (D:6)
  A phantom (D:6)
  2 kobold brigands
  2 bullfrogs
  A scorpion (D:5)
  3 killer bees
  3 howler monkeys (D:8)
  2 hounds (D:5)
  5 orc priests
  2 jellies
  2 gnoll boudas
  Jessica (D:3)
  3 iguanas
  5 orc wizards
  Robin (D:2)
  2 adders
  9 gnolls
  A shadow imp (D:7)
  3 worms
  4 dart slugs
  25 orcs
  11 bats
  5 endoplasms
  6 giant cockroaches
  17 goblins
  10 hobgoblins
  3 jackals (D:2)
  3 quokkas
  9 ball pythons
  7 frilled lizards
  15 kobolds
  11 rats
197 creatures vanquished.

Notes
Turn   | Place    | Note
-------+----------+-------------------------------------------
     0 | D:1      | qw the Minotaur Berserker began the quest for the Orb.
     0 | D:1      | Reached XP level 1. HP: 19/19 MP: 0/0
     0 | D:1      | 0 ||| qw: Version: 0.1-a-113-g051387a
     0 | D:1      | 0 ||| qw: Game counter: 7282
     0 | D:1      | 0 ||| qw: Always use a shield: true
     0 | D:1      | 0 ||| qw: Do Orc after D:15 true
     0 | D:1      | 0 ||| qw: Do second Lair branch before Depths: true
     0 | D:1      | 0 ||| qw: Lair rune preference: random
     0 | D:1      | 0 ||| qw: Plans: Normal
     0 | D:1      | 0 ||| PLANNING D:1-11
    48 | D:1      | Reached skill level 4 in Axes
    97 | D:1      | Reached XP level 2. HP: 26/26 MP: 1/1
   109 | D:1      | 109 ||| Stepping ~*~*~tactically~*~*~ (stealth).
   332 | D:1      | Reached ** piety under Trog
   383 | D:1      | 383 ||| Stepping ~*~*~tactically~*~*~ (hiding).
   508 | D:1      | Reached skill level 5 in Axes
   539 | D:1      | Reached XP level 3. HP: 31/31 MP: 2/2
   746 | D:1      | 746 ||| UPGRADING to +0 leather armour.
   756 | D:1      | 756 ||| DROPPING +0 animal skin.
   757 | D:1      | 757 ||| READING scroll labelled XAOHU KOESK.
   858 | D:1      | 858 ||| READING 2 scrolls labelled SAN DITHIDDIHU.
   859 | D:1      | 859 ||| READING scroll labelled QEMIEL UFEN.
   860 | D:1      | 860 ||| READING scroll labelled MUFAN QEESM.
   861 | D:1      | 861 ||| READING scroll labelled UNOBAN DEOKK.
   862 | D:1      | 862 ||| DROPPING scroll of butterflies.
   863 | D:1      | 863 ||| Stepping randomly (stuck).
   864 | D:1      | 864 ||| Stepping randomly (stuck).
   865 | D:1      | 865 ||| Stepping randomly (stuck).
   866 | D:1      | 866 ||| Stepping randomly (stuck).
   867 | D:1      | 867 ||| Stepping randomly (stuck).
   868 | D:1      | 868 ||| Stepping randomly (stuck).
   869 | D:1      | 869 ||| Stepping randomly (stuck).
   870 | D:1      | 870 ||| Stepping randomly (stuck).
   871 | D:1      | 871 ||| Stepping randomly (stuck).
   872 | D:1      | 872 ||| Stepping randomly (stuck).
   873 | D:1      | 873 ||| Stepping randomly (stuck).
   874 | D:1      | 874 ||| Stepping randomly (stuck).
   875 | D:1      | 875 ||| Stepping randomly (stuck).
   876 | D:1      | 876 ||| Stepping randomly (stuck).
   877 | D:1      | 877 ||| Stepping randomly (stuck).
   878 | D:1      | 878 ||| Stepping randomly (stuck).
   879 | D:1      | 879 ||| Stepping randomly (stuck).
   880 | D:1      | 880 ||| Stepping randomly (stuck).
   900 | D:2      | 900 ||| STAIRDANCE
   908 | D:2      | 908 ||| Stepping ~*~*~tactically~*~*~ (stealth).
   910 | D:2      | 910 ||| Stepping ~*~*~tactically~*~*~ (stealth).
  1128 | D:2      | 1128 ||| DROPPING +0 club.
  1134 | D:2      | Noticed Robin
  1141 | D:2      | 1141 ||| INVOKING Berserk.
  1141 | D:2      | HP: 11/46 [Robin/goblin (3)]
  1149 | D:2      | Killed Robin
  1150 | D:2      | Reached skill level 6 in Axes
  1150 | D:2      | Reached XP level 4. HP: 8/39 MP: 3/3
  1612 | D:2      | Reached *** piety under Trog
  1791 | D:2      | Found a faded altar of an unknown god.
  1794 | D:2      | 1794 ||| READING scroll labelled BEYCELUTIWU.
  1795 | D:2      | 1795 ||| READING scroll labelled ZYGOHI JONOS.
  1796 | D:2      | 1796 ||| DROPPING +0 mace.
  1797 | D:2      | 1797 ||| DRINKING 2 ruby potions.
  1798 | D:2      | 1798 ||| DRINKING 2 brown potions.
  2256 | D:3      | Noticed Jessica
  2259 | D:3      | Found Keimic's Magic Scroll Shop.
  2264 | D:3      | Killed Jessica
  2266 | D:3      | 2266 ||| INVOKING Berserk.
  2268 | D:3      | Reached XP level 5. HP: 23/45 MP: 4/4
  2273 | D:3      | HP: 11/45 [poisoned by an adder]
  2500 | D:3      | 2500 ||| BUYING scroll of identify (20 gold).
  2500 | D:3      | Bought a scroll of identify for 20 gold pieces
  2500 | D:3      | 2500 ||| BUYING scroll of identify (20 gold).
  2500 | D:3      | Bought a scroll of identify for 20 gold pieces
  2500 | D:3      | 2500 ||| BUYING scroll of identify (20 gold).
  2500 | D:3      | Bought a scroll of identify for 20 gold pieces
  2500 | D:3      | 2500 ||| BUYING scroll of identify (20 gold).
  2500 | D:3      | Bought a scroll of identify for 20 gold pieces
  2500 | D:3      | 2500 ||| BUYING scroll of identify (20 gold).
  2500 | D:3      | Bought a scroll of identify for 20 gold pieces
  2500 | D:3      | 2500 ||| BUYING scroll of teleportation (30 gold).
  2500 | D:3      | Bought a scroll of teleportation for 30 gold pieces
  2500 | D:3      | 2500 ||| SHOPLISTING scroll of teleportation (30 gold, have
                  | 25).
  2747 | D:3      | Reached skill level 7 in Axes
  2766 | D:3      | Found an opulent altar of Gozag.
  2768 | D:3      | Found a hazy altar of Hepliaklqana.
  2777 | D:3      | Found a glowing golden altar of the Shining One.
  2786 | D:3      | 2786 ||| UPGRADING to +0 ring mail.
  2796 | D:3      | 2796 ||| DROPPING +0 leather armour.
  2797 | D:3      | 2797 ||| UPGRADING to ring of resist corrosion.
  2798 | D:3      | 2798 ||| READING 6 scrolls of identify.
  2798 | D:3      | 2798 ||| IDENTIFYING glowing orange potion
  2799 | D:3      | 2799 ||| READING 5 scrolls of identify.
  2799 | D:3      | 2799 ||| IDENTIFYING cyan potion
  2800 | D:3      | 2800 ||| DROPPING potion of lignification.
  2902 | D:4      | Noticed a black bear
  2903 | D:4      | 2903 ||| Stepping ~*~*~tactically~*~*~ (stealth).
  2907 | D:4      | 2907 ||| INVOKING Berserk.
  2912 | D:4      | Killed a black bear
  3073 | D:4      | Found a burning altar of Makhleb.
  3075 | D:4      | Noticed an Executioner
  3098 | D:4      | Reached XP level 6. HP: 38/56 MP: 5/5
  3275 | D:4      | 3275 ||| Stepping ~*~*~tactically~*~*~ (stealth).
  3287 | D:4      | 3287 ||| Stepping ~*~*~tactically~*~*~ (hiding).
  3288 | D:4      | 3288 ||| Stepping ~*~*~tactically~*~*~ (hiding).
  3291 | D:4      | 3291 ||| INVOKING Berserk.
  3491 | D:4      | Noticed Edmund
  3496 | D:4      | 3496 ||| INVOKING Berserk.
  3503 | D:4      | Killed Edmund
  3504 | D:4      | Reached skill level 8 in Axes
  3600 | D:4      | 3600 ||| Stepping ~*~*~tactically~*~*~ (hiding).
  3607 | D:4      | 3607 ||| INVOKING Berserk.
  3679 | D:4      | Identified the +1 leather armour of Experimentation {Fly}
  3791 | D:4      | Identified the ring "Ugiwnok" {rC+ MP+9 Str+5 Dex-5}
  3973 | D:4      | Noticed Menkaure
  3977 | D:4      | 3977 ||| INVOKING Berserk.
  3981 | D:4      | Killed Menkaure
  3982 | D:4      | Reached skill level 9 in Axes
  3982 | D:4      | Reached XP level 7. HP: 25/61 MP: 6/6
  4253 | D:4      | 4253 ||| UPGRADING to +2 ring mail of fire resistance.
  4263 | D:4      | 4263 ||| DROPPING +0 ring mail.
  4264 | D:4      | 4264 ||| UPGRADING to +0 chain mail.
  4274 | D:4      | 4274 ||| UPGRADING to amulet of the acrobat.
  4279 | D:4      | 4279 ||| DROPPING ring of resist corrosion.
  4280 | D:4      | 4280 ||| UPGRADING to ring "Ugiwnok" {rC+ MP+9 Str+5
                  | Dex-5}.
  4345 | D:4      | 4345 ||| READING scroll labelled XUEDOU BOHUTT.
  4346 | D:4      | 4346 ||| READING scroll labelled GOLAOZ HUGYJID.
  4347 | D:4      | 4347 ||| READING scroll labelled BAIRUF GAUTOI.
  4348 | D:4      | 4348 ||| DRINKING 2 fizzy emerald potions.
  4349 | D:4      | 4349 ||| DRINKING 3 bubbling amethyst potions.
  4349 | D:4      | Gained mutation: Your magical capacity is low. (-10% MP)
                  | [potion of mutation]
  4349 | D:4      | Gained mutation: You have large cloven feet. [potion of
                  | mutation]
  4349 | D:4      | Gained mutation: Your mind is acute. (Int +4, Str/Dex -1)
                  | [potion of mutation]
  4350 | D:4      | 4350 ||| DROPPING potion of invisibility.
  4377 | D:5      | Entered Level 5 of the Dungeon
  4534 | D:5      | Reached skill level 3 in Armour
  4606 | D:5      | 4606 ||| INVOKING Berserk.
  4752 | D:5      | Found a runed translucent door.
  4753 | D:5      | Noticed qw's ghost (novice DsCA)
  4758 | D:5      | Found a bloodstained altar of Trog.
  4853 | D:5      | Reached skill level 10 in Axes
  5226 | D:5      | 5226 ||| READING 5 scrolls of identify.
  5226 | D:5      | 5226 ||| IDENTIFYING fuming red potion
  5227 | D:5      | 5227 ||| DROPPING potion of flight.
  5404 | D:6      | 5404 ||| Stepping ~*~*~tactically~*~*~ (hiding).
  5406 | D:6      | 5406 ||| INVOKING Berserk.
  5410 | D:6      | Reached skill level 6 in Fighting
  5501 | D:6      | Reached XP level 8. HP: 61/70 MP: 6/6
  5667 | D:6      | 5667 ||| Stepping ~*~*~tactically~*~*~ (hiding).
  5671 | D:6      | 5671 ||| INVOKING Berserk.
  5683 | D:6      | Reached skill level 11 in Axes
  6135 | D:6      | 6135 ||| UPGRADING to +3 plate armour.
  6145 | D:6      | 6145 ||| DROPPING +2 ring mail of fire resistance.
  6146 | D:6      | 6146 ||| DROPPING +0 chain mail.
  6147 | D:6      | 6147 ||| READING scroll of enchant armour.
  6147 | D:6      | 6147 ||| ENCHANTING +3 plate armour.
  6148 | D:6      | 6148 ||| DROPPING ring of flight.
  6149 | D:6      | 6149 ||| READING scroll labelled FIF BEAQIMMIOG.
  6150 | D:6      | 6150 ||| READING scroll labelled BUEDEE DESM.
  6151 | D:6      | 6151 ||| READING scroll labelled XURRIR LUGOE.
  6152 | D:6      | 6152 ||| READING 4 scrolls of identify.
  6152 | D:6      | 6152 ||| IDENTIFYING fuming clear potion
  6193 | D:7      | 6193 ||| STAIRDANCE
  6304 | D:7      | 6304 ||| STAIRDANCE
  6306 | D:6      | 6306 ||| INVOKING Berserk.
  6463 | D:7      | Found a staircase to the Ecumenical Temple.
  6506 | D:7      | 6506 ||| INVOKING Berserk.
  6509 | D:7      | Reached skill level 12 in Axes
  6637 | D:7      | Reached **** piety under Trog
  6654 | D:7      | 6654 ||| Stepping ~*~*~tactically~*~*~ (stealth).
  6655 | D:7      | 6655 ||| STAIRDANCE
  6661 | D:6      | Reached skill level 1 in Throwing
  6676 | D:6      | 6676 ||| DROPPING orb of guile.
  6679 | D:7      | 6679 ||| INVOKING Berserk.
  6685 | D:7      | 6685 ||| STAIRDANCE
  6844 | D:7      | Noticed a two-headed ogre
  6878 | D:7      | Found a transporter.
  6879 | D:7      | Found a transporter.
  6889 | D:7      | 6889 ||| Stepping ~*~*~tactically~*~*~ (cloud).
  6892 | D:7      | 6892 ||| INVOKING Berserk.
  6896 | D:7      | Reached XP level 9. HP: 78/78 MP: 7/7
  7168 | D:7      | 7168 ||| READING 3 scrolls of identify.
  7168 | D:7      | 7168 ||| IDENTIFYING fuming brown potion
  7169 | D:7      | 7169 ||| READING 2 scrolls of identify.
  7169 | D:7      | 7169 ||| IDENTIFYING amethyst potion
  7170 | D:7      | 7170 ||| DROPPING potion of ambrosia.
  7199 | D:8      | 7199 ||| Stepping ~*~*~tactically~*~*~ (stealth).
  7204 | D:8      | 7204 ||| Stepping ~*~*~tactically~*~*~ (stealth).
  7208 | D:8      | 7208 ||| Stepping ~*~*~tactically~*~*~ (stealth).
  7212 | D:8      | 7212 ||| Stepping ~*~*~tactically~*~*~ (stealth).
  7229 | D:8      | 7229 ||| DRINKING 2 potions of curing.
  7229 | D:8      | 7229 ||| (to cure confusion)
  7316 | D:8      | 7316 ||| INVOKING Berserk.
  7484 | D:8      | 7484 ||| FLEEEEING.
  7485 | D:8      | 7485 ||| FLEEEEING.
  7486 | D:8      | 7486 ||| FLEEEEING.
  7487 | D:8      | 7487 ||| FLEEEEING.
  7488 | D:8      | 7488 ||| FLEEEEING.
  7489 | D:8      | 7489 ||| FLEEEEING.
  7490 | D:8      | 7490 ||| FLEEEEING.
  7491 | D:8      | 7491 ||| FLEEEEING.
  7492 | D:8      | 7492 ||| FLEEEEING.
  7493 | D:8      | 7493 ||| FLEEEEING.
  7494 | D:8      | 7494 ||| STAIRDANCE
  7533 | D:7      | 7533 ||| DROPPING ring of magical power.
  7542 | D:8      | Reached skill level 13 in Axes
  7599 | D:8      | Noticed Psyche
  7629 | D:8      | Killed Psyche
  7730 | D:8      | 7730 ||| SWAPPING to +0 war axe.
  7744 | D:8      | 7744 ||| Stepping ~*~*~tactically~*~*~ (stealth).
  7746 | D:8      | 7746 ||| Stepping ~*~*~tactically~*~*~ (hiding).
  7750 | D:8      | 7750 ||| INVOKING Berserk.
  7934 | D:8      | Paralysed by a hornet for 3 turns
  7940 | D:8      | Paralysed by a hornet for 1 turns
  7945 | D:8      | Reached skill level 6 in Armour
  8189 | D:8      | 8189 ||| Stepping ~*~*~tactically~*~*~ (stealth).
  8192 | D:8      | 8192 ||| Stepping ~*~*~tactically~*~*~ (stealth).
  8260 | D:8      | 8260 ||| UPGRADING to +0 kite shield.
  8265 | D:8      | 8265 ||| READING scroll labelled IPOSIM CEFOXAW.
  8265 | D:8      | Identified a scroll of acquirement
  8265 | D:8      | 8265 ||| ACQUIRING +1 war axe of electrocution
  8265 | D:8      | Acquired a +1 war axe of electrocution
  8267 | D:8      | 8267 ||| SWAPPING to +1 war axe of electrocution.
  8268 | D:8      | 8268 ||| DROPPING +0 war axe.
  8303 | D:9      | Noticed a troll
  8309 | D:9      | 8309 ||| INVOKING Berserk.
  8311 | D:9      | Reached skill level 1 in Shields
  8313 | D:9      | Killed a troll
  8314 | D:9      | Reached skill level 3 in Shields
  8569 | D:9      | Found a staircase to the Lair.
  8569 | D:9      | Noticed an elephant
  8569 | D:9      | Noticed a komodo dragon
  8575 | D:9      | 8575 ||| INVOKING Berserk.
  8578 | D:9      | Killed an elephant
  8579 | D:9      | Killed a komodo dragon
  8580 | D:9      | Reached skill level 6 in Shields
  8580 | D:9      | Reached XP level 10. HP: 82/88 MP: 8/8
  8805 | D:9      | 8805 ||| Stepping ~*~*~tactically~*~*~ (stealth).
  8808 | D:9      | 8808 ||| Stepping ~*~*~tactically~*~*~ (hiding).
  8809 | D:9      | 8809 ||| Stepping ~*~*~tactically~*~*~ (hiding).
  8821 | D:9      | 8821 ||| INVOKING Berserk.
  8857 | D:9      | 8857 ||| Stepping ~*~*~tactically~*~*~ (stealth).
  8889 | D:9      | Found a flagged portal.
  8902 | D:9      | 8902 ||| INVOKING Berserk.
  9046 | D:9      | Identified the +7 quarterstaff of Change {vorpal, rElec
                  | Str+4 Stlth+}
  9055 | D:9      | 9055 ||| DRINKING potion of curing.
  9055 | D:9      | 9055 ||| (to cure confusion)
  9063 | D:9      | HP: 22/88 [something (7)]
  9064 | D:9      | HP: 7/88 [something (13)]
  9064 | D:9      | Slain by a vampire

Levels and vault maps discovered:
D:1:      matt_arrival_grand_opening, layout_rooms
D:2:      layout_rooms, shapermc_ecumenical_altar_mp_urbaneastern, uniq_robin
D:3:      layout_loops_ring, minmay_overflow_temple_star_quad, serial_shops,
          shop, corner_web_ring, uniq_jessica
D:4:      layout_loops_ring, makhleb_altar_promises_db, minivault_11,
          uniq_menkaure, uniq_edmund
D:5:      layout_gridville, kennysheep_little_box,
          ebering_ghost_reflecting_pool, minmay_misc_feat_ornament,
          patterned_corridor
D:6:      layout_loops_ring
D:7:      gammafunk_beogh_shrine, layout_rooms, minmay_temple_entry_ruins
D:8:      layout_basic, uniq_psyche
D:9:      layout_rooms, david_lair_generic, enter_bailey_3

Skill      XL: |  1  2  3  4  5  6  7  8  9 10 |
---------------+-------------------------------+-----
Axes           | 4 5 6 7 9 10 12 13 | 13.2
Fighting       | 5 6 8 |  8.0
Armour         | 3 5 6 |  6.3
Throwing       | 1 |  1.8
Shields        | 6 8 |  8.2
Dodging        | |  2.1

Action                   |  1- 3 |  4- 6 |  7- 9 | 10-12 || total
-------------------------+-------+-------+-------+-------++-------
Melee: Hand axe          |    98 |    99 |   170 |       ||   367
       Headbutt          |    13 |    18 |    16 |     4 ||    51
       Punch             |     1 |       |     2 |       ||     3
       Kick              |       |       |    16 |     8 ||    24
       War axe           |       |       |    34 |    38 ||    72
Throw: Boomerang         |       |       |    24 |     6 ||    30
Invok: Berserk           |     1 |     6 |    11 |     2 ||    20
  Use: Scroll            |     5 |     4 |    12 |       ||    21
       Potion            |       |     2 |     3 |     1 ||     6
Armor: Animal skin       |     4 |       |       |       ||     4
       Leather armour    |     9 |    10 |       |       ||    19
       Ring mail         |       |     6 |       |       ||     6
       Chain mail        |       |       |    12 |       ||    12
       Plate armour      |       |       |   101 |    17 ||   118
Dodge: Dodged            |    56 |    34 |    59 |    14 ||   163
Block: Kite shield       |       |       |     3 |     7 ||    10

Table legend:
 A = Non-vault XP
 B = Vault XP
 C = Vault XP percentage of total XP
 D = Non-vault monster count
 E = Vault monster count
 F = Vault count percentage of total count
                 A         B        C        D         E       F
            +---------+---------+-------+---------+---------+-------
      Total |    4924 |    1878 |  27.6 |     174 |      23 |  11.7
            +---------+---------+-------+---------+---------+-------
        D:1 |      47 |       0 |   0.0 |      30 |       0 |   0.0
        D:2 |      42 |      34 |  44.7 |      27 |      11 |  28.9
        D:3 |      46 |      37 |  44.6 |      17 |       1 |   5.6
        D:4 |     335 |     354 |  51.4 |      17 |       2 |  10.5
        D:5 |     455 |       0 |   0.0 |       8 |       0 |   0.0
        D:6 |     816 |       0 |   0.0 |      16 |       0 |   0.0
        D:7 |     719 |       0 |   0.0 |      12 |       0 |   0.0
        D:8 |    1098 |     358 |  24.6 |      30 |       1 |   3.2
        D:9 |    1366 |    1095 |  44.5 |      17 |       8 |  32.0
            +---------+---------+-------+---------+---------+-------
